 Dungeon Crawl Stone Soup version 0.26-b1-32-g5d43845318 (webtiles) character file.

Game seed: 6430213065169507909

129 Borgoz the Cudgeller (level 5, -1/32 HPs)
             Began as a Gargoyle Gladiator on Jan 12, 2021.
             Slain by an orc
             ... wielding a +0 flail
              (3 damage)
             ... on level 3 of the Dungeon.
             The game lasted 00:02:12 (2355 turns).

Borgoz the Cudgeller (Gargoyle Gladiator)           Turns: 2355, Time: 00:02:12

Health: -1/32      AC:  8    Str: 17    XL:     5   Next: 12%
Magic:  5/5        EV: 12    Int:  9    God:
Gold:   133        SH:  0    Dex: 12    Spells: 4/4 levels left

rFire    . . .     SeeInvis .   a - +0 flail
rCold    . . .     Faith    .   (no shield)
rNeg     + . .     Spirit   .   b - +0 leather armour
rPois    ∞         Reflect  .   c - +0 helmet
rElec    +         Harm     .   (no cloak)
rCorr    .         Rampage  .   (no gloves)
Will     .....                  (no boots)
Stlth    +.........             (no amulet)
HPRegen  0.10/turn              (no ring)
MPRegen  0.09/turn              (no ring)

@: flying
A: negative energy resistance 1, electricity resistance, unbreathing,
petrification resistance, miasma immunity, AC +4
a: no special abilities


You were on level 3 of the Dungeon.
You visited 1 branch of the dungeon, and saw 3 of its levels.

You collected 133 gold pieces.

Inventory:

Hand Weapons
 a - a +0 flail (weapon)
Missiles
 d - 3 throwing nets (quivered)
Armour
 b - a +0 leather armour (worn)
 c - a +0 helmet (worn)
Scrolls
 e - 2 scrolls of remove curse {unknown}
 f - 2 scrolls of teleportation {unknown}
 j - a scroll of amnesia {unknown}
 n - a scroll of immolation {unknown}
 o - a scroll of fear {unknown}
Potions
 g - 2 potions of ambrosia {unknown}
 h - 2 potions of heal wounds {unknown}
 i - 2 potions of degeneration {unknown}
 k - a potion of flight
 l - a potion of lignification {unknown}
 m - a potion of curing {unknown}


   Skills:
 + Level 3.2 Fighting
 * Level 4.2 Maces & Flails
 - Level 1.7 Throwing
 + Level 2.0 Armour
 + Level 3.0 Dodging


You had 4 spell levels left.
You didn't know any spells.
Your spell library was empty.

Dungeon Overview and Level Annotations

Branches:
Dungeon (3/15)

Altars:
Cheibriados
Uskayaw


Innate Abilities, Weirdness & Mutations

You are resistant to torment.
Your stone body is resilient. (AC +4)
You are immune to poison.
You resist negative energy. (rN+)
You are resistant to electric shocks. (rElec)
You can survive without breathing.
You are immune to petrification.
You are immune to miasma.


Message History

The jackal bites you but does no damage.
You barely miss the orc.
The orc is heavily wounded.
The jackal bites you but does no damage.
The orc misses you. The jackal closely misses you.
You closely miss the orc.
The orc is heavily wounded.
The orc barely misses you. The jackal barely misses you.
A worm comes into view.
The orc priest calls down the wrath of Beogh upon you.
Beogh smites you!
Ouch! That really hurt!
* * * LOW HITPOINT WARNING * * *
You are too injured to fight recklessly!
You are too injured to fight recklessly!
It was a potion of flight.
You feel very buoyant.
You fly up into the air.
The jackal barely misses you. The orc hits you with a +0 flail.
You die...

#.# .# ..# .. w
#.### .# ..
...... #.##...
...>.. o.... .
#...## ##o.# .#
..#..# #@h# ..
#.# .... #.###.#
.#
##....#####.#...#
. #............#
. ##.##..###..###
##...## ##.##
##.....####..#
###.......#...##
#....._.....###


You could see a worm, an orc priest, an orc and a jackal.

Vanquished Creatures
  An orc wizard (D:3)
  An adder (D:2)
  An ooze (D:2)
  3 dart slugs
  4 leopard geckos (D:2)
  3 orcs (D:3)
  2 ball pythons
  4 giant cockroaches
  3 goblins (D:2)
  10 hobgoblins
  5 jackals
  2 quokkas (D:2)
  11 bats
  7 frilled lizards
  8 kobolds
  9 rats
74 creatures vanquished.

Notes
Turn   | Place    | Note
-------+----------+-------------------------------------------
     0 | D:1      | Borgoz the Gargoyle Gladiator began the quest for the Orb.
     0 | D:1      | Reached XP level 1. HP: 12/12 MP: 1/1
   215 | D:1      | Reached XP level 2. HP: 18/18 MP: 2/2
   544 | D:1      | Reached skill level 1 in Armour
   675 | D:1      | Reached XP level 3. HP: 18/22 MP: 3/3
  1120 | D:2      | Found a hide-covered altar of Uskayaw.
  1385 | D:2      | Reached XP level 4. HP: 21/27 MP: 4/4
  2127 | D:3      | Reached skill level 4 in Maces & Flails
  2136 | D:3      | Reached XP level 5. HP: 23/32 MP: 5/5
  2317 | D:3      | Found a snail-covered altar of Cheibriados.
  2355 | D:3      | Slain by an orc

Illustrated notes

Levels and vault maps discovered:
D:1:      dpeg_arrival_snail, layout_loops_ring
D:2:      minmay_alternating_diamond, layout_basic, general_overflow_altar,
          chequers_serial_rivers_large_a
D:3:      layout_rooms, lemuel_round_altar, marbit_many_paths,
          overflow_temple_1_default

Skill      XL: |  1  2  3  4  5 |
---------------+----------------+-----
Armour         | 1 2 |  2.0
Fighting       | 3 |  3.2
Maces & Flails | 4 |  4.2
Dodging        | 3 |  3.0
Throwing       | |  1.7

Action                   |  1- 3 |  4- 6 || total
-------------------------+-------+-------++-------
Melee: Flail             |   142 |   107 ||   249
  Use: Potion            |       |     1 ||     1
Armor: Leather armour    |    82 |    64 ||   146
Dodge: Dodged            |   131 |    99 ||   230
